 Dungeon Crawl Stone Soup version 0.28-a0-381-g937acc2988 (webtiles) character file.

Game seed: 16309627500970269627

210 Sweetruy1997 the Ruffian (level 5, -3/52 HPs)
             Began as a Troll Monk on Sept 1, 2021.
             Slain by a sky beast (5 damage)
             ... on level 3 of the Dungeon.
             The game lasted 00:05:02 (1459 turns).

Sweetruy1997 the Ruffian (Troll Monk)               Turns: 1459, Time: 00:05:02

Health: -3/52      AC:  4    Str: 19    XL:     5   Next: 57%
Magic:  4/4        EV: 10    Int:  6    God:
Gold:   127        SH:  0    Dex: 13    Spells: 3/4 levels left

rFire   + . .      SeeInvis .   p - +2 flail (holy)
rCold   . . .      Faith    .   (no shield)
rNeg    . . .      Spirit   .   a - +0 robe
rPois   .          Reflect  .   (helmet restricted)
rElec   .          Harm     .   (no cloak)
rCorr   .          Rampage  .   (gloves unavailable)
Will    .....                   (boots unavailable)
Stlth   ++........              (no amulet)
HPRegen 1.17/turn               g - ring of protection from fire
MPRegen 0.09/turn               (no ring)

@: no status effects
A: large, unfitting armour, claws 3, regeneration 1, shaggy fur 1, tough skin 1
a: no special abilities


You were on level 3 of the Dungeon.
You visited 1 branch of the dungeon, and saw 3 of its levels.

You collected 127 gold pieces.

Inventory:

Hand Weapons
 p - a +2 flail of holy wrath (weapon)
Missiles
 o - 4 boomerangs
Armour
 a - a +0 robe (worn)
Jewellery
 g - a ring of protection from fire (left claw)
Scrolls
 b - a scroll of holy word {unknown}
 c - a scroll of teleportation
 e - a scroll of identify {unknown}
 m - a scroll of acquirement {unknown}
 n - a scroll of magic mapping {unknown}
Potions
 d - a potion of magic {unknown}
 f - a potion of resistance {unknown}
 h - a potion of degeneration {unknown}
 i - a potion of brilliance {unknown}
 j - 2 potions of heal wounds {unknown}
 k - a potion of mutation {unknown}
 l - a potion of curing {unknown}


   Skills:
 + Level 2.9 Fighting
 + Level 1.9 Maces & Flails
 - Level 3.0 Dodging
 + Level 1.9 Stealth
 - Level 3.6 Unarmed Combat
 + Level 0.3 Spellcasting
 + Level 0.5 Conjurations
 + Level 0.5 Fire Magic


You had 3 spell levels left.
You knew the following spells:

 Your Spells              Type           Power      Damage    Failure   Level
a - Foxfire               Conj/Fire      0%         2x1d4     36%         1

Your spell library contained the following spells:

 Spells                   Type           Power      Damage    Failure   Level
 Conjure Flame            Conj/Fire      0%         6-21      75%         3
 Inner Flame              Hex/Fire       0%         N/A       78%         3
 Passage of Golubria      Tloc           N/A        N/A       99%         4
 Silence                  Hex/Air        0%         N/A       100%        5
 Lehudib's Crystal Spear  Conj/Erth      0%         10d2      100%        8


Dungeon Overview and Level Annotations

Branches:
Dungeon (3/15)

Altars:


Innate Abilities, Weirdness & Mutations

You are too large for most types of armour.
You have claws for hands.
Your natural rate of healing is unusually fast.
You are covered in fur. (AC +1)
You have tough skin. (AC +1)


Message History

The sky beast is moderately wounded.
The sky beast flickers out of sight!
Deactivating autopickup; reactivate with Ctrl-A.
Something hits you but does no damage. Something hits you.
Something shocks you.
You miss something.
A sky beast appears from thin air!
Reactivating autopickup.
The sky beast hits you. The sky beast shocks you.
* * * LOW HITPOINT WARNING * * *
You hit the sky beast but do no damage.
The sky beast is moderately wounded.
The sky beast hits you.
* * * LOW HITPOINT WARNING * * *
The sky beast shocks you.
* * * LOW HITPOINT WARNING * * *
You closely miss the sky beast.
The sky beast is moderately wounded.
The sky beast closely misses you. The sky beast barely misses you.
You closely miss the sky beast.
The sky beast is moderately wounded.
The sky beast hits you but does no damage.
You completely miss the sky beast.
The sky beast is moderately wounded.
The sky beast closely misses you.
You hit the sky beast.
The sky beast is moderately wounded.
The sky beast hits you.
* * * LOW HITPOINT WARNING * * *
The sky beast shocks you.
* * * LOW HITPOINT WARNING * * *
The sky beast hits you.
* * * LOW HITPOINT WARNING * * *
The sky beast shocks you.
* * * LOW HITPOINT WARNING * * *
You completely miss the sky beast.
The sky beast is moderately wounded.
The sky beast hits you.
* * * LOW HITPOINT WARNING * * *
The sky beast shocks you.
You die...

...................#####
)##.###....#######.##...
#.####.###....#######.##...
#..........#'#.)†..........
######.#####.###.#####.#...
#.....######..##..# #.#...
#.#####........##.# #.#...
#####.## #.>?..8...+.#
#..###
#......####..Y@....####
##.# #......##.######..##
#.# #......##.[....#.## #.#
#.......'......#.# #.#
#####.#.#........# #..
#.#.#...###### ##.
#.#.##### . #.#.# #.# #.#<#
..


You could see a sky beast.

Vanquished Creatures
  A water moccasin (D:3)
  An orc wizard (D:3)
  A gnoll (D:1)
  An adder (D:3)
  A worm (D:2)
  3 orcs (D:3)
  6 bats
  9 endoplasms
  2 giant cockroaches
  3 goblins
  5 hobgoblins
  7 jackals (D:1)
  4 kobolds
  2 quokkas
  2 ball pythons (D:1)
  A ball python zombie (D:3)
  4 frilled lizards
  2 rats
55 creatures vanquished.

Vanquished Creatures (others)
  18 foxfires (D:3)
18 creatures vanquished.

Grand Total: 73 creatures vanquished

Notes
Turn   | Place    | Note
-------+----------+-------------------------------------------
     0 | D:1      | Sweetruy1997 the Troll Monk began the quest for the Orb.
     0 | D:1      | Reached XP level 1. HP: 22/22 MP: 0/0
   129 | D:1      | Noticed a golden eye
   136 | D:1      | Noticed a shining eye
   139 | D:1      | Found a faded altar of an unknown god.
   140 | D:1      | Noticed a golden eye
   140 | D:1      | Noticed a shining eye
   173 | D:1      | Reached XP level 2. HP: 29/29 MP: 1/1
   225 | D:1      | Reached XP level 3. HP: 36/36 MP: 2/2
   951 | D:3      | Learned a level 1 spell: Foxfire
  1122 | D:3      | Reached XP level 4. HP: 44/44 MP: 0/3
  1328 | D:3      | Reached skill level 1 in Maces & Flails
  1383 | D:3      | Noticed a water moccasin
  1394 | D:3      | Killed a water moccasin
  1395 | D:3      | Reached XP level 5. HP: 41/52 MP: 4/4
  1441 | D:3      | Noticed a sky beast
  1458 | D:3      | HP: 2/52 [sky beast (5)]
  1459 | D:3      | Slain by a sky beast

Illustrated notes

Levels and vault maps discovered:
D:1:      psy_arrival_whirlpool, layout_basic,
          hellmonk_ecumenical_altar_watching_god
D:2:      layout_rooms
D:3:      layout_basic, elyvilon_altar_4, grunt_ministairs_14,
          grunt_decor_arrowhead

Skill      XL: |  1  2  3  4 |
---------------+-------------+-----
Dodging        | 3 |  3.0
Maces & Flails | 1 |  1.9
Fighting       | |  2.9
Stealth        | |  1.9
Unarmed Combat | |  3.6
Spellcasting   | |  0.3
Conjurations   | |  0.5
Fire Magic     | |  0.5

Action                   |  1- 3 |  4- 6 || total
-------------------------+-------+-------++-------
Melee: Unarmed           |    63 |       ||    63
       Mace              |    52 |     3 ||    55
       Punch             |     1 |       ||     1
       Flail             |       |    30 ||    30
 Cast: Foxfire           |     5 |     8 ||    13
  Use: Scroll            |     1 |       ||     1
 Stab: Sleeping          |     6 |       ||     6
       Distracted        |     1 |       ||     1
Armor: Robe              |    38 |     6 ||    44
Dodge: Dodged            |    64 |    16 ||    80

Table legend: (Time is in decaauts)
 A = Elapsed time spent in this place.
 B = Non-inter-level travel time spent in this place.
 C = Inter-level travel time spent in this place.
 D = Time resting spent in this place.
 E = Time spent auto-exploring this place.
 F = Levels seen in this place.
 G = Mean time per level.
                   A        B        C        D        E       F      G
               +--------+--------+--------+--------+--------+-----+--------+
         Total |   1485 |   1483 |      2 |     36 |   1010 |   3 |  495.0 |
       Dungeon |   1485 |   1483 |      2 |     36 |   1010 |   3 |  495.0 |
               +--------+--------+--------+--------+--------+-----+--------+

Top non-repeatable levels by time:
     D:3: 541 daAuts
     D:1: 522 daAuts
     D:2: 420 daAuts
